| TOP OF THE 1ST |
|
Scranton WB RailRiders batting - Pitching for Round Rock Express : RHP Joe Bradford
|
|
Pitching: RHP Joe Bradford
|
|
|
Batting: SHB Jay Gagnon
|
0-0: Ball 1-0: Called Strike 1-1: Swinging Strike 1-2: Strikes out swinging
|
|
Batting: RHB Andy Wasierski
|
0-0: Ground out 5-3 (Groundball, 56, EV 105.0 MPH)
|
|
Batting: LHB Aaron Joyner
|
0-0: Ball 1-0: Ball 2-0: Swinging Strike 2-1: Swinging Strike 2-2: Strikes out swinging
|
| Top of the 1st over - 0 runs, 0 hits, 0 errors, 0 left on base; Scranton WB 0 - Round Rock 0 |
| BOTTOM OF THE 1ST |
|
Round Rock Express batting - Pitching for Scranton WB RailRiders : LHP Omar Quinones
|
|
Pitching: LHP Omar Quinones
|
|
|
Batting: SHB Pat Wilson
|
0-0: Swinging Strike 0-1: Ball 1-1: Foul Ball, location: 2F 1-2: Ball 2-2: Ball 3-2: Foul Ball, location: 2F 3-2: Fly out, F8 (Flyball, 8RXD, EV 91.9 MPH)
|
|
Batting: RHB Masashi Yukizawa
|
0-0: Ball 1-0: Foul Ball, location: 2F 1-1: Swinging Strike 1-2: Foul Ball, location: 2F 1-2: Ground out 6-3 (Groundball, 6, EV 108.1 MPH)
|
|
Batting: RHB Jarrod Joyce
|
0-0: Called Strike 0-1: Ball 1-1: Foul Ball, location: 2F 1-2: SINGLE (Groundball, 56D, EV 110.6 MPH)
|
|
Batting: RHB Noah Stanley
|
0-0: Foul Ball, location: 2F 0-1: Foul Ball, location: 2F 0-2: Foul Ball, location: 2F 0-2: Ball 1-2: Ball 2-2: Strikes out looking
|
| Bottom of the 1st over - 0 runs, 1 hit, 0 errors, 1 left on base; Scranton WB 0 - Round Rock 0 |
| TOP OF THE 2ND |
|
Scranton WB RailRiders batting - Pitching for Round Rock Express : RHP Joe Bradford
|
|
Batting: RHB Devon Utley
|
0-0: Called Strike 0-1: Ground out 5-3 (Groundball, 56, EV 87.5 MPH)
|
|
Batting: RHB Jerry Castro
|
0-0: Swinging Strike 0-1: Called Strike 0-2: Foul Ball, location: 2F 0-2: Ball 1-2: Strikes out swinging
|
|
Batting: SHB Joe Fure
|
0-0: Ball 1-0: Foul Ball, location: 2F 1-1: Ground out 6-3 (Groundball, 6, EV 90.0 MPH)
|
| Top of the 2nd over - 0 runs, 0 hits, 0 errors, 0 left on base; Scranton WB 0 - Round Rock 0 |
| BOTTOM OF THE 2ND |
|
Round Rock Express batting - Pitching for Scranton WB RailRiders : LHP Omar Quinones
|
|
Batting: RHB Ryan Kinkead
|
0-0: Called Strike 0-1: Ball 1-1: Ball 2-1: Foul Ball, location: 2F 2-2: Foul Ball, location: 2F 2-2: Ball 3-2: Fly out, F9 (Line Drive, 89M, EV 93.8 MPH)
|
|
Batting: SHB Dan Lash
|
0-0: Called Strike 0-1: Foul Ball, location: 2F 0-2: Ball 1-2: Fly out, F9 (Flyball, 89M, EV 81.9 MPH)
|
|
Batting: RHB Josh Ferguson
|
0-0: Ground out 5-3 (Groundball, 56S, EV 86.2 MPH)
|
| Bottom of the 2nd over - 0 runs, 0 hits, 0 errors, 0 left on base; Scranton WB 0 - Round Rock 0 |
| TOP OF THE 3RD |
|
Scranton WB RailRiders batting - Pitching for Round Rock Express : RHP Joe Bradford
|
|
Batting: SHB Ryan Buchbinder
|
0-0: Foul Ball, location: 2F 0-1: Called Strike 0-2: Ground out 6-3 (Groundball, P, EV 90.0 MPH)
|
|
Batting: RHB Josh Zoglmann
|
0-0: Ball 1-0: Ball 2-0: Called Strike 2-1: Ball 3-1: Called Strike 3-2: SINGLE (Line Drive, 78S, EV 91.9 MPH)
|
|
Batting: RHB Mike Plugge
|
0-0: Called Strike Josh Zoglmann steals 2nd base 0-1: Ground out 6-3 (Groundball, 6, EV 91.9 MPH) Josh Zoglmann to third
|
|
Batting: SHB Jay Gagnon
|
0-0: Foul Ball, location: 2F 0-1: Foul Ball, location: 2F 0-2: Ball 1-2: Foul Ball, location: 2F 1-2: Strikes out looking
|
| Top of the 3rd over - 0 runs, 1 hit, 0 errors, 1 left on base; Scranton WB 0 - Round Rock 0 |
| BOTTOM OF THE 3RD |
|
Round Rock Express batting - Pitching for Scranton WB RailRiders : LHP Omar Quinones
|
|
Batting: RHB Ernie Weathersbee
|
0-0: Ball 1-0: SINGLE (Line Drive, 8LS, EV 102.5 MPH)
|
|
Batting: RHB Adryão Anto
|
0-0: Grounds into double play, 4-6-3 (Groundball, 34, EV 76.9 MPH)
|
|
Batting: SHB Pat Wilson
|
0-0: Ball 1-0: SINGLE (Groundball, 4MD, EV 108.1 MPH) (infield hit)
|
|
Batting: RHB Masashi Yukizawa
|
0-0: Called Strike Pat Wilson steals 2nd base 0-1: Ball 1-1: 2-RUN HOME RUN (Flyball, 7D, EV 98.1 MPH), Distance : 403 ft
|
|
Batting: RHB Jarrod Joyce
|
0-0: Fly out, F4 (Popup, 4D, EV 55.6 MPH)
|
| Bottom of the 3rd over - 2 runs, 3 hits, 0 errors, 0 left on base; Scranton WB 0 - Round Rock 2 |
| TOP OF THE 4TH |
|
Scranton WB RailRiders batting - Pitching for Round Rock Express : RHP Joe Bradford
|
|
Batting: RHB Andy Wasierski
|
0-0: Ball 1-0: SINGLE (Line Drive, 9S, EV 90.0 MPH)
|
|
Batting: LHB Aaron Joyner
|
0-0: Fly out, F7 (Flyball, 7, EV 74.4 MPH)
|
|
Batting: RHB Devon Utley
|
0-0: Ball 1-0: Called Strike 1-1: Ball 2-1: Reached on error, E1 (Groundball, 34S, EV 64.4 MPH) Andy Wasierski to second
|
|
Batting: RHB Jerry Castro
|
0-0: Called Strike 0-1: Ball 1-1: Foul Ball, location: 2F 1-2: Ball 2-2: Strikes out looking
|
|
Batting: SHB Joe Fure
|
0-0: Ball 1-0: Foul Ball, location: 2F 1-1: Foul Ball, location: 2F 1-2: Strikes out swinging
|
| Top of the 4th over - 0 runs, 1 hit, 1 error, 2 left on base; Scranton WB 0 - Round Rock 2 |
| BOTTOM OF THE 4TH |
|
Round Rock Express batting - Pitching for Scranton WB RailRiders : LHP Omar Quinones
|
|
Batting: RHB Noah Stanley
|
0-0: Ball 1-0: Ball 2-0: Ball 3-0: Called Strike 3-1: Base on Balls
|
|
Batting: RHB Ryan Kinkead
|
0-0: Ball 1-0: Called Strike Noah Stanley steals 2nd base (no throw) 1-1: Called Strike 1-2: Ball 2-2: Fly out, F9 (Flyball, 89D, EV 106.2 MPH) Runner from 2nd tags up, SAFE at 3rd, no throw by RF
|
|
Batting: SHB Dan Lash
|
0-0: Ball 1-0: Swinging Strike 1-1: Ball 2-1: Ball 3-1: Foul Ball, location: 2F 3-2: SINGLE (Line Drive, 8LS, EV 99.4 MPH) Noah Stanley scores
|
|
Batting: RHB Josh Ferguson
|
0-0: Foul Ball, location: 2F 0-1: Swinging Strike 0-2: Ball 1-2: Grounds into double play, 5-4-3 (Groundball, 56, EV 101.9 MPH)
|
| Bottom of the 4th over - 1 run, 1 hit, 0 errors, 0 left on base; Scranton WB 0 - Round Rock 3 |
| TOP OF THE 5TH |
|
Scranton WB RailRiders batting - Pitching for Round Rock Express : RHP Joe Bradford
|
|
Batting: SHB Ryan Buchbinder
|
0-0: Ball 1-0: Called Strike 1-1: Foul Ball, location: 2F 1-2: SINGLE (Line Drive, 34D, EV 106.2 MPH)
|
|
Batting: RHB Josh Zoglmann
|
0-0: Foul Ball, location: 2F 0-1: Called Strike 0-2: Foul Ball, location: 2F 0-2: Ball 1-2: SINGLE (Groundball, 13, EV 93.8 MPH) (infield hit) Ryan Buchbinder to second
|
|
Batting: RHB Mike Plugge
|
0-0: DOUBLE (Groundball, 3L, EV 103.1 MPH) Ryan Buchbinder scores Josh Zoglmann to third
|
|
Batting: SHB Jay Gagnon
|
0-0: Ball 1-0: Called Strike 1-1: Ball 2-1: Ball 3-1: Foul Ball, location: 2F 3-2: Strikes out looking
|
|
Batting: RHB Andy Wasierski
|
0-0: Ball 1-0: Ground out 1-3 (Groundball, 34S, EV 66.2 MPH)
|
|
Batting: LHB Aaron Joyner
|
0-0: Called Strike 0-1: Ball 1-1: Ball 2-1: Reached via error on a dropped throw from 1B, E1 (Groundball, 34S, EV 88.1 MPH) Josh Zoglmann scores Mike Plugge to third
|
|
Batting: RHB Devon Utley
|
0-0: Foul Ball, location: 2F 0-1: Called Strike 0-2: Ground out 6-3 (Groundball, 6MS, EV 92.5 MPH)
|
| Top of the 5th over - 2 runs, 3 hits, 1 error, 2 left on base; Scranton WB 2 - Round Rock 3 |
| BOTTOM OF THE 5TH |
|
Round Rock Express batting - Pitching for Scranton WB RailRiders : LHP Omar Quinones
|
|
Batting: RHB Ernie Weathersbee
|
0-0: Foul Ball, location: 2F 0-1: Ball 1-1: Fly out, F8 (Flyball, 8RS, EV 94.4 MPH)
|
|
Batting: RHB Adryão Anto
|
0-0: Called Strike 0-1: Foul Ball, location: 2F 0-2: Ground out U3 (Groundball, 34, EV 81.2 MPH)
|
|
Batting: SHB Pat Wilson
|
0-0: Called Strike 0-1: Ball 1-1: Foul Ball, location: 2F 1-2: Fly out, F7 (Line Drive, 7, EV 93.8 MPH)
|
| Bottom of the 5th over - 0 runs, 0 hits, 0 errors, 0 left on base; Scranton WB 2 - Round Rock 3 |
| TOP OF THE 6TH |
|
Scranton WB RailRiders batting - Pitching for Round Rock Express : RHP Joe Bradford
|
|
Batting: RHB Jerry Castro
|
0-0: Called Strike 0-1: Ground out 6-3 (Groundball, 56, EV 93.1 MPH)
|
|
Batting: SHB Joe Fure
|
0-0: Called Strike 0-1: Swinging Strike 0-2: Foul Ball, location: 2F 0-2: Ground out 4-3 (Groundball, 4M, EV 86.2 MPH)
|
|
Batting: SHB Ryan Buchbinder
|
0-0: Ball 1-0: SINGLE (Line Drive, 56, EV 97.5 MPH)
|
|
Batting: RHB Josh Zoglmann
|
0-0: Called Strike 0-1: Ground out 4-3 (Groundball, 13, EV 80.6 MPH)
|
| Top of the 6th over - 0 runs, 1 hit, 0 errors, 1 left on base; Scranton WB 2 - Round Rock 3 |
| BOTTOM OF THE 6TH |
|
Round Rock Express batting - Pitching for Scranton WB RailRiders : LHP Omar Quinones
|
|
Batting: RHB Masashi Yukizawa
|
0-0: Called Strike 0-1: Swinging Strike 0-2: Foul Ball, location: 2F 0-2: Strikes out swinging
|
|
Batting: RHB Jarrod Joyce
|
0-0: Ball 1-0: Ball 2-0: Ball 3-0: Base on Balls
|
|
Pitching: LHP Jay Turpin
|
|
|
Batting: RHB Noah Stanley
|
0-0: Ball 1-0: Ball 2-0: Called Strike 2-1: Ball 3-1: Called Strike 3-2: Foul Ball, location: 2F 3-2: Foul Ball, location: 2F 3-2: Foul Ball, location: 2F 3-2: Base on Balls Jarrod Joyce to second
|
|
Batting: RHB Ryan Kinkead
|
0-0: Ball 1-0: Called Strike 1-1: Ball 2-1: Swinging Strike 2-2: Strikes out swinging
|
|
Batting: SHB Dan Lash
|
0-0: Called Strike 0-1: Ground out 6-3 (Groundball, 6MS, EV 73.1 MPH)
|
| Bottom of the 6th over - 0 runs, 0 hits, 0 errors, 2 left on base; Scranton WB 2 - Round Rock 3 |
| TOP OF THE 7TH |
|
Scranton WB RailRiders batting - Pitching for Round Rock Express : RHP Joe Bradford
|
|
Batting: RHB Mike Plugge
|
0-0: Ball 1-0: Foul Ball, location: 2F 1-1: Swinging Strike 1-2: Strikes out swinging
|
|
Batting: SHB Jay Gagnon
|
0-0: Fly out, F8 (Flyball, 8LD, EV 95.0 MPH)
|
|
Batting: RHB Andy Wasierski
|
0-0: Called Strike 0-1: Called Strike 0-2: Ball 1-2: Ball 2-2: Ball 3-2: Base on Balls
|
|
Batting: LHB Aaron Joyner
|
0-0: Ball 1-0: Called Strike 1-1: Fly out, F8 (Flyball, 8RD, EV 100.6 MPH)
|
| Top of the 7th over - 0 runs, 0 hits, 0 errors, 1 left on base; Scranton WB 2 - Round Rock 3 |
| BOTTOM OF THE 7TH |
|
Round Rock Express batting - Pitching for Scranton WB RailRiders : LHP Jay Turpin
|
|
Pitching: RHP Johnny Marquez
|
|
|
Batting: RHB Josh Ferguson
|
0-0: Called Strike 0-1: Foul Ball, location: 2F 0-2: Ball 1-2: Ground out 4-3 (Groundball, 4M, EV 85.0 MPH)
|
|
Batting: RHB Ernie Weathersbee
|
0-0: Ball 1-0: Ground out 4-3 (Groundball, 4, EV 90.0 MPH)
|
|
Batting: RHB Adryão Anto
|
0-0: Fly out, F9 (Line Drive, 9, EV 93.8 MPH)
|
| Bottom of the 7th over - 0 runs, 0 hits, 0 errors, 0 left on base; Scranton WB 2 - Round Rock 3 |
| TOP OF THE 8TH |
|
Scranton WB RailRiders batting - Pitching for Round Rock Express : RHP Joe Bradford
|
|
Pitching: LHP Matt Walton
|
|
|
Batting: RHB Devon Utley
|
0-0: Called Strike 0-1: Swinging Strike 0-2: Fly out, F7 (Flyball, 7S, EV 77.5 MPH)
|
|
Batting: RHB Jerry Castro
|
0-0: Ball 1-0: Called Strike 1-1: Ball 2-1: Ball 3-1: Foul Ball, location: 2F 3-2: Strikes out swinging
|
|
Batting: SHB Joe Fure
|
0-0: Called Strike 0-1: Ball 1-1: Ball 2-1: Foul Ball, location: 2F 2-2: Ground out 6-3 (Groundball, 56S, EV 66.2 MPH)
|
| Top of the 8th over - 0 runs, 0 hits, 0 errors, 0 left on base; Scranton WB 2 - Round Rock 3 |
| BOTTOM OF THE 8TH |
|
Round Rock Express batting - Pitching for Scranton WB RailRiders : RHP Johnny Marquez
|
|
Batting: SHB Pat Wilson
|
0-0: Ball 1-0: Ball 2-0: Called Strike 2-1: Ball 3-1: Foul Ball, location: 2F 3-2: Strikes out looking
|
|
Batting: RHB Masashi Yukizawa
|
0-0: Foul Ball, location: 2F 0-1: TRIPLE (Line Drive, 9LD, EV 100.6 MPH)
|
|
Batting: RHB Jarrod Joyce
|
0-0: SINGLE (Line Drive, 7LS, EV 92.5 MPH) Masashi Yukizawa scores
|
|
Batting: RHB Noah Stanley
|
0-0: Called Strike 0-1: SINGLE (Flyball, 89S, EV 94.4 MPH) Jarrod Joyce to second
|
|
Batting: RHB Ryan Kinkead
|
0-0: Fielders Choice at 2nd, 4-6 (Groundball, 4S, EV 88.8 MPH) Jarrod Joyce to third
|
|
Batting: SHB Dan Lash
|
0-0: Ball 1-0: Called Strike 1-1: Ball 2-1: Ball 3-1: Base on Balls Ryan Kinkead to second
|
|
Batting: RHB Josh Ferguson
|
0-0: Swinging Strike 0-1: Ball 1-1: Foul Ball, location: 2F 1-2: Ball 2-2: Foul Ball, location: 2F 2-2: Strikes out swinging
|
| Bottom of the 8th over - 1 run, 3 hits, 0 errors, 3 left on base; Scranton WB 2 - Round Rock 4 |
| TOP OF THE 9TH |
|
Scranton WB RailRiders batting - Pitching for Round Rock Express : LHP Matt Walton
|
|
Pitching: RHP Danny Romero
|
|
|
Batting: SHB Ryan Buchbinder
|
0-0: Called Strike 0-1: Foul Ball, location: 2F 0-2: Ball 1-2: Foul Ball, location: 2F 1-2: Strikes out swinging
|
|
Batting: RHB Josh Zoglmann
|
0-0: Called Strike 0-1: Ball 1-1: Called Strike 1-2: DOUBLE (Flyball, 89D, EV 93.8 MPH)
|
|
Pinch Hitting: LHB Jose Lebron
|
0-0: Ball 1-0: Ball 2-0: Called Strike 2-1: Foul Ball, location: 2F 2-2: SINGLE (Groundball, 4M, EV 103.1 MPH) (infield hit) Josh Zoglmann to third
|
|
Batting: SHB Jay Gagnon
|
0-0: Ball 1-0: Ball 2-0: Called Strike 2-1: Fielders Choice at 2nd, 5-4 (Groundball, 5S, EV 89.4 MPH) Josh Zoglmann scores
|
|
Batting: RHB Andy Wasierski
|
0-0: Ball 1-0: Ball 2-0: Fly out, F3 (Popup, 34S, EV 76.9 MPH)
|
| Top of the 9th over - 1 run, 2 hits, 0 errors, 1 left on base; Scranton WB 3 - Round Rock 4 |
|